 Dungeon Crawl Stone Soup version 0.28.0 (webtiles) character file.

Game seed: 13113377820188751987

448 SnakkuSnakku7 the Frost Mage (level 7, 0/43 (46) HPs)
             Began as a Formicid Ice Elementalist on Feb 8, 2022.
             Slain by Duvessa (1 damage)
             ... on level 4 of the Dungeon.
             The game lasted 00:05:16 (3337 turns).

SnakkuSnakku7 the Frost Mage (FoIE)                 Turns: 3337, Time: 00:05:16

HP:   0/43 (46)     AC:  2    Str: 13    XL:     7   Next: 24%
MP:   19/19         EV: 12    Int: 16    God:
Gold: 132           SH:  0    Dex: 11    Spells: 3/10 levels left

rFire   . . .      SeeInvis +   q - staff of cold
rCold   + . .      Faith    .   (no shield)
rNeg    . . .      Spirit   .   a - +0 robe
rPois   .          Reflect  .   (helmet unavailable)
rElec   .          Harm     .   (no cloak)
rCorr   .          Rampage  .   (no gloves)
Will    .....                   (no boots)
Stlth   +.........              (no amulet)
HPRegen 0.14/turn               h - ring of magical power
MPRegen 0.16/turn               (no ring)

@: lit by a corona, glowing, drained
A: permanent stasis, dig shafts and tunnels, antennae 3, four strong arms
a: Dig, Shaft Self


You were on level 4 of the Dungeon.
You visited 1 branch of the dungeon, and saw 4 of its levels.

You collected 132 gold pieces.

Inventory:

Hand Weapons
 j - a +0 dagger
 k - a +0 short sword
Armour
 a - a +0 robe (worn)
Magical Staves
 q - a staff of cold (weapon)
Jewellery
 h - a ring of magical power (left hand)
 l - an amulet of guardian spirit
 o - an amulet of magic regeneration
Wands
 p - a wand of paralysis (4)
Scrolls
 b - a scroll of blinking {unknown}
 c - a scroll of enchant weapon {unknown}
 g - 3 scrolls of identify {unknown}
 i - a scroll of fog {unknown}
Potions
 d - 4 potions of curing {unknown}
 e - 2 potions of degeneration {unknown}
 f - a potion of lignification {unknown}
 m - a potion of heal wounds {unknown}
 n - a potion of cancellation {unknown}


   Skills:
 - Level 0.1 Fighting
 - Level 1.7 Dodging
 - Level 2.4 Stealth
 - Level 0.1 Unarmed Combat
 - Level 2.1 Spellcasting
 + Level 8.2 Ice Magic


You had 3 spell levels left.
You knew the following spells:

 Your Spells              Type           Power      Damage    Failure   Level
a - Freeze                Ice            100%       1d11      1%          1
b - Frozen Ramparts       Ice            84%        1d10      1%          3
c - Ozocubu's Armour      Ice            42%        N/A       1%          3

Your spell library contained the following spells:

 Spells                   Type           Power      Damage    Failure   Level
 Hailstorm                Conj/Ice       22%        3d7       36%         4
 Conjure Ball Lightning   Conj/Air       0%         3x3d6     100%        6
 Discord                  Hex            0%         N/A       100%        8
 Disjunction              Tloc           0%         N/A       100%        8


Dungeon Overview and Level Annotations

Branches:
Dungeon (4/15)
 Temple: D:4-7

Altars:
Gozag

Annotations:
D:4 Dowan, Duvessa


Innate Abilities, Weirdness & Mutations

You cannot be hasted, slowed, berserked, paralysed or teleported.
You can dig through walls and to a lower floor.
You have a pair of large antennae on your head. (SInv)
Your four strong arms can wield two-handed weapons with a shield.


Message History

You are now empty-handed.
Number of times to repeat, then command key: You must enter the number of times for the command to repeat.
Unknown command.
Unknown command.
Casting: Freeze (safe; 1% risk of failure)
Confirm with . or Enter, or press ? or * to list all spells.
Okay, then.
Unknown command.
q - a staff of cold (weapon)
Unknown command.
Memorise Ozocubu's Armour, consuming 3 spell levels and leaving 3?
You start memorising the spell.
You continue memorising. x3
You finish memorising.
Spell assigned to 'c'.
Okay, then.
Magic restored.
Duvessa, Sister of Dowan comes into view.
She is wielding a +0 short sword.
Duvessa is nearby!
Dowan, Brother of Duvessa comes into view.
He is wielding a +2 dagger of draining.
You feel a surge of power!
You freeze Duvessa!
Duvessa is moderately wounded.
Dowan gestures at you while chanting.
You are outlined in light.
Duvessa barely misses you.
Dowan points at you and mumbles some strange words.
The puff of flame hits you!
You feel a surge of power!
You freeze Duvessa.
Duvessa is moderately wounded.
Duvessa hits you with a +0 short sword.
You feel a surge of power!
You freeze Duvessa!
Duvessa is heavily wounded.
Duvessa hits you with a +0 short sword!
* * * LOW HITPOINT WARNING * * *
Dowan gestures at Duvessa while chanting.
Duvessa seems to speed up.
Duvessa gestures with her weapon.
Duvessa hits you with a +0 short sword!
* * * LOW HITPOINT WARNING * * *
There is a stone staircase leading down here.
Duvessa hits you with a +0 short sword.
You die...

##########.#
#.e.#.e.##.## #
#.#.#.#.##..#
..^.###e#...#e###.#
#.....#####†....#
#.....# #..{..#
#.###.# #.###.# #.
#.# #.#.e.# # #..
..##@## ### #######


You could see Duvessa (fast).

Vanquished Creatures
  Sigmund (D:3)
  An orc priest (D:3)
  A jelly (D:4)
  Terence (D:2)
  Jessica (D:3)
  Ijyb (D:4)
  Robin (D:2)
  A gnoll (D:1)
  2 adders
  3 worms (D:2)
  3 dart slugs
  2 orcs (D:3)
  7 bats
  3 endoplasms
  5 giant cockroaches
  18 goblins
  9 hobgoblins
  10 jackals
  7 kobolds
  2 quokkas (D:4)
  9 ball pythons
  A frilled lizard (D:1)
  A quokka skeleton (D:4)
  3 rats (D:1)
93 creatures vanquished.

Vanquished Creatures (others)
  10 demonic plants (D:2)
  3 fungi (D:2)
  3 plants (D:2)
  5 withered plants (D:2)
21 creatures vanquished.

Grand Total: 114 creatures vanquished

Notes
Turn   | Place    | Note
-------+----------+-------------------------------------------
     0 | D:1      | SnakkuSnakku7 the Formicid Ice Elementalist began the quest
                  | for the Orb.
     0 | D:1      | Reached XP level 1. HP: 13/13 MP: 3/3
    93 | D:1      | Reached XP level 2. HP: 19/19 MP: 5/5
   326 | D:1      | Reached XP level 3. HP: 13/24 MP: 0/6
   376 | D:1      | Reached skill level 5 in Ice Magic
   438 | D:1      | Learned a level 3 spell: Frozen Ramparts
  1343 | D:2      | Reached XP level 4. HP: 30/30 MP: 5/7
  1629 | D:2      | Found an opulent altar of Gozag.
  1670 | D:2      | Found a faded altar of an unknown god.
  2062 | D:3      | Noticed Terence
  2063 | D:3      | Noticed Sigmund
  2069 | D:2      | Killed Terence
  2070 | D:2      | Reached skill level 6 in Ice Magic
  2070 | D:2      | Reached XP level 5. HP: 27/35 MP: 2/8
  2175 | D:3      | Noticed Robin
  2279 | D:2      | Killed Robin
  2508 | D:3      | Noticed Jessica
  2515 | D:3      | Killed Sigmund
  2516 | D:3      | Reached skill level 7 in Ice Magic
  2516 | D:3      | Reached XP level 6. HP: 15/41 MP: 1/9
  2635 | D:3      | Killed Jessica
  2958 | D:3      | Found an opulent altar of Gozag.
  3133 | D:4      | Reached XP level 7. HP: 35/39 MP: 10/10
  3156 | D:4      | Reached skill level 8 in Ice Magic
  3266 | D:4      | Noticed Ijyb
  3272 | D:4      | Killed Ijyb
  3306 | D:4      | Learned a level 3 spell: Ozocubu's Armour
  3315 | D:4      | Noticed Duvessa
  3318 | D:4      | Noticed Dowan
  3335 | D:4      | HP: 1/43 [Duvessa (10)]
  3337 | D:4      | Slain by Duvessa

Illustrated notes

Levels and vault maps discovered:
D:1:      tarquinn_simple_flora_water_e, layout_loops_ring
D:2:      kennysheep_big_flooded_room, layout_rooms,
          shapermc_ecumenical_altar_gd, basic_altar, minmay_tree_intersection
D:3:      layout_basic, general_overflow_altar, uniq_terence, uniq_jessica,
          uniq_robin, uniq_sigmund
D:4:      minmay_evil_eye, layout_basic, nicolae_vehumet_altar_sigil,
          bh_walls_and_bars, uniq_blork_the_orc, uniq_ijyb, uniq_duvessa

Skill      XL: |  1  2  3  4  5  6  7 |
---------------+----------------------+-----
Ice Magic      | 5 6 7 8 |  8.2
Fighting       | |  0.1
Dodging        | |  1.7
Stealth        | |  2.4
Unarmed Combat | |  0.1
Spellcasting   | |  2.1

Action                   |  1- 3 |  4- 6 |  7- 9 || total
-------------------------+-------+-------+-------++-------
Melee: Unarmed           |    11 |     4 |       ||    15
       Punch             |     1 |     1 |       ||     2
       Dagger            |       |     7 |       ||     7
       Short sword       |       |    14 |     2 ||    16
 Cast: Freeze            |    54 |    78 |    31 ||   163
 Abil: Dig               |       |     2 |       ||     2
Armor: Robe              |     7 |    14 |     3 ||    24
Dodge: Dodged            |    41 |    51 |    15 ||   107
